← All builds
Suicide front / Armada / Factory first / OBSERVED BUILD

Standard suicide front

Armada Suicide front build order · Supreme Isthmus

The role's baseline: Bot Lab at 0:21 then straight into reclaim-fed T1 bot production to contest the middle and hold until T2 arrives, with an Advanced Metal Extractor around 9:45.

#rush · 2020 distinct matches · 232 players · 71% of Armada Suicide front games · team won 59% of 2395 · Recently observed

HOW TO PLAY IT

Key timing: Bot Lab by 0:20

  1. Open with mex and lab-first to get Bot Lab up by 0:20.
  2. Expand mex and wind while lab pumps units toward middle.
  3. Push Sentry and early Rocketeer, Centurion to contest middle.
  4. Get T2 constructor out once Pond's boost lets you spare metal.
  5. Upgrade mex to Advanced Metal Extractor as you transition off T1 spam.

Phase by phase

TYPICAL OF ITS 2020 GAMES
  1. 1
  2. 2
  3. 3
PLAY THE OPENING

Follow the example game's first 6:00 step by step: what to build now, what comes next, and where it goes. At 1× it keeps pace with your own game.

  1. 1

    Bot Lab first

    Order
    1. Bot LabBot Lab done ~0:21, middle half 0:20–0:33

    Some games also: mex (44%)

  2. 2

    Bot Lab to 5:00

    Economy
    • Metal Extractor5Mex
    • Wind Turbine4Wind
    Builders
    • Construction Bot3 Con bot
    • Lazarus2 Lazarus
    Army
    • Sentry4 Sentry
    • Rocketeer16 Rocketeer
    • Tick2 Tick
    • Centurion1 Centurion
    Other
    • Radar Tower1 Radar Tower

    Some games also: pawn (37%) · con turret (34%)

    By 5:00 in all: 5 mex · 4 wind

    The example game in this phase · 32 steps
    1. Mex
    2. PawnPawn
    3. SentrySentry
    4. PawnPawn
    5. Wind ×2
    6. Construction BotCon bot
    7. Wind
    8. PawnPawn ×2
    9. Mex
    10. PawnPawn
    11. Radar TowerRadar Tower
    12. Construction BotCon bot
    13. RocketeerRocketeer
    14. Mex
    15. RocketeerRocketeer ×2
    16. SentrySentry
    17. RocketeerRocketeer ×4
    18. Dragon's TeethDragon's Teeth ×3
    19. RocketeerRocketeer ×3
    20. TickTick
    21. PawnPawn ×2
    22. Construction BotCon bot
    23. Dragon's TeethDragon's Teeth ×6
    24. Construction BotCon bot
    25. Dragon's TeethDragon's Teeth ×3
    26. RocketeerRocketeer ×5
    27. Dragon's TeethDragon's Teeth
    28. RocketeerRocketeer ×4
    29. BeamerBeamer
    30. RocketeerRocketeer
    31. TickTick
    32. RocketeerRocketeer
  3. 3

    5:00 to 10:00

    Economy
    • Metal Extractor1Mex
    • Wind Turbine15Wind
    Builders
    • Construction Turret2 Con turret
    • Lazarus2 Lazarus
    • Construction Bot1 Con bot
    Army
    • Sentry1 Sentry
    • Rocketeer8 Rocketeer

    Some games also: pawn (49%) · Radar Tower (46%) · tick (45%) · centurion (44%) · energy storage (43%) · eat Bot Lab (31%)

    By 10:00 in all: 6 mex · 21 wind · 1 energy storage · 2 con turret

    The example game in this phase · 74 steps
    1. RocketeerRocketeer
    2. OverwatchOverwatch
    3. RocketeerRocketeer ×4
    4. Wind
    5. RocketeerRocketeer
    6. Wind ×2
    7. RocketeerRocketeer
    8. Wind
    9. GauntletGauntletnot finished by 15:00
    10. RocketeerRocketeer ×2
    11. Wind
    12. TickTick
    13. RocketeerRocketeer ×2
    14. GauntletGauntlet
    15. Wind
    16. RocketeerRocketeer ×2
    17. Wind
    18. RocketeerRocketeer ×3
    19. Wind
    20. RocketeerRocketeer ×3
    21. BeamerBeamer
    22. Wind
    23. TickTick
    24. PawnPawn ×3
    25. Wind
    26. PawnPawn ×2
    27. Wind
    28. PawnPawn
    29. Radar TowerRadar Tower
    30. BeamerBeamer
    31. TickTick
    32. Advanced Metal ExtractorT2 mexdone 11:59 · typical 9:46
    33. PawnPawn ×6
    34. Radar TowerRadar Tower
    35. TickTick
    36. PawnPawn
    37. BeamerBeamer
    38. PawnPawn
    39. Fortification WallFortification Wall ×2
    40. PawnPawn
    41. Fortification WallFortification Wall ×2
    42. PawnPawn
    43. Fortification WallFortification Wall ×3
    44. PawnPawn
    45. Fortification WallFortification Wall
    46. PawnPawn
    47. Fortification WallFortification Wall ×2
    48. TickTick
    49. PawnPawn
    50. Fortification WallFortification Wall ×2
    51. PawnPawn
    52. Fortification WallFortification Wall
    53. PawnPawn
    54. Fortification WallFortification Wall
    55. BeamerBeamer
    56. PawnPawn
    57. Fortification WallFortification Wall
    58. PawnPawn
    59. Fortification WallFortification Wall ×2
    60. PawnPawn
    61. Fortification WallFortification Wall
    62. TickTick
    63. PawnPawn
    64. Fortification WallFortification Wall
    65. PawnPawn ×3
    66. RattlesnakeRattlesnakedone 14:23
    67. PawnPawn ×2
    68. TickTick
    69. BeamerBeamer
    70. PawnPawn ×2
    71. TickTick
    72. RattlesnakeRattlesnake
    73. BeamerBeamer
    74. Radar TowerRadar Tower

Counts are medians over the build's games: half of them build more, half fewer. The example game is Hunfore's (33 OS, 12/10/2026); pick another.

Team trades

IN AT LEAST 30% OF ITS GAMES

You hand over

Nothing regular.

You get

  • Tidal Generator4 Tidal from Pondfirst at 0:11 · in 68% of games
  • Advanced Construction Bot1 T2 con bot from Geo or Techfirst at 7:41 · in 57% of games

How it plays out

Typical game of this build, running totals by minute

Metal produced

010k20k
0:005:0010:0015:00

metal

Enemy metal destroyed

05k10k
0:005:0010:0015:00

metal

Own metal lost

05k10k
0:005:0010:0015:00

metal

2395 games.

Show as table
ByMetal produced: This buildEnemy metal destroyed: This buildOwn metal lost: This build
1:0023000
2:0088600
3:002007184130
4:003108643501
5:0041841352998
6:00534921831707
7:00654430512590
8:00776039353502
9:00903546904383
10:001041253145163
11:001188958585965
12:001358364066686
13:001540468757453
14:001729875038214
15:001929281099007
WHAT THE NUMBERS SAY

Standard Suicide front play wins a bit over half its games while taking the heaviest own losses of any role by 15:00.

  • + Produces 20142 metal by 15:00, highest of the front roles.
  • + First kill by 2:01 in all games, fastest contest of middle.
  • − Own metal lost hits 9178 by 15:00, more than enemy metal destroyed.
  • − Only 34% Rocketeer share shows army spread thin across many bot types.
THE EXAMPLE YOU ARE READING

Hunfore

32.6 OS · 12/10/2026

Open source match ↗

5 received units · includes a constructor
851 metal received · 2332 energy received

Allied construction assistance is unknown. Timings are observations, not a promise of solo reproducibility.

Typical milestones

Bot Lab0:21Middle 50%: 0:20–0:33 · n=2387
Advanced Metal Extractor9:46Middle 50%: 8:50–10:58 · n=1732

Played most by

_X_262games of this buildPlatinumBlonde188games of this buildXad165games of this buildTrapCaT109games of this buildImmort80games of this build